 Dungeon Crawl Stone Soup version 0.24-a0-618-ge4662a2d14 (webtiles) character file.

Game seed: 9092527613807688708, levelgen mode: deterministic

2087 Conn the Sneak (level 9, -4/55 HPs)
             Began as an Octopode Fire Elementalist on Sept 15, 2019.
             Was a Follower of Sif Muna.
             Splashed by a jelly's acid (8 damage)
             ... on level 7 of the Dungeon.
             The game lasted 00:22:32 (6177 turns).

Conn the Sneak (Octopode Fire Elementalist)         Turns: 6177, Time: 00:22:33

Health: -4/55      AC: -3    Str:  9    XL:     9   Next: 27%
Magic:  5/16       EV: 15    Int: 22    God:    Sif Muna [*.....]
Gold:   458        SH:  0    Dex: 13    Spells: 10/18 levels left

rFire    + + .     SeeInvis .   a - +2 short sword (drain)
rCold    x . .     Gourm    .   (no shield)
rNeg     . . .     Faith    .   (helmet restricted)
rPois    .         Spirit   .   k - amulet of regeneration
rElec    .         Reflect  .   f - +2 ring of intelligence
rCorr    .         Harm     .   d - ring of fire
MR       .....                  u - ring of protection from fire
Stlth    +++++.....             (no ring)
HPRegen  0.58/turn              (no ring)
MPRegen  0.15/turn              (no ring)
                                (no ring)
                                (no ring)

@: corroded, slowed, very slow
A: almost no armour, stealthy swim, amphibious, 8 rings, constrict 8, camouflage
1, strong 1, gelatinous body 1, evolution 1
a: Channel Magic, Renounce Religion


You were on level 7 of the Dungeon.
You worshipped Sif Muna.
Sif Muna was aware of your devotion.
You were not hungry.

You visited 1 branch of the dungeon, and saw 7 of its levels.

You collected 458 gold pieces.

Inventory:

Hand Weapons
 a - a +2 short sword of draining (weapon)
 g - a +2 dagger of venom
 x - the +0 hand axe of Gluttony {venom, +Inv rElec rN+ Int-4}
   (You found it on level 4 of the Dungeon)

   It poisons the flesh of those it strikes.
   It affects your intelligence (-4).
   It insulates you from electricity.
   It protects you from negative energy.
   It lets you turn invisible.
Missiles
 e - 5 atropa-tipped darts (quivered)
Armour
 q - a +1 buckler
Magical Staves
 y - an uncursed staff of death
Jewellery
 d - a ring of fire (right tentacle)
 f - a +2 ring of intelligence (left tentacle)
 k - an amulet of regeneration (around mantle)
 u - a ring of protection from fire (on tentacle)
Wands
 p - a wand of digging (4)
 s - a wand of acid (15)
Scrolls
 c - 3 scrolls of amnesia
 h - 2 scrolls of magic mapping {unknown}
 i - 4 scrolls of identify
 j - 2 scrolls of noise {unknown}
 n - a scroll of enchant armour
 w - a scroll of enchant weapon
Potions
 l - 4 potions of curing
 m - 2 potions of haste
 o - 2 potions of heal wounds
 r - 2 potions of berserk rage {unknown}
 v - 2 potions of agility
Comestibles
 b - 10 rations


   Skills:
 + Level 2.8 Fighting
 + Level 2.7 Short Blades
 + Level 1.0 Axes
 + Level 0.1 Throwing
 + Level 4.0 Dodging
 - Level 7.6 Stealth
 + Level 5.0 Spellcasting
 + Level 5.1 Conjurations
 + Level 6.0 Fire Magic
 + Level 0.1 Invocations
 + Level 0.7 Evocations


You had 10 spell levels left.
You knew the following spells:

 Your Spells              Type           Power        Failure   Level  Hunger
a - Flame Tongue          Conj/Fire      #####        1%          1    None
b - Conjure Flame         Conj/Fire      #####...     3%          3    ##.....
c - Sticky Flame          Conj/Fire      #####...     10%         4    ####...

Your spell library contained the following spells:

 Spells                   Type           Power        Failure   Level  Hunger
 Throw Flame              Conj/Fire      #####.       1%          2    None
 Inner Flame              Hex/Fire       ####....     9%          3    ##.....
 Fireball                 Conj/Fire      #####.....   28%         5    #####..


Dungeon Overview and Level Annotations

Branches:
Dungeon (7/15)
 Temple: D:4-7

Altars:
Dithmenos
Fedhas
Hepliaklqana
Kikubaaqudgha
Makhleb
Nemelex Xobeh
Sif Muna
Yredelemnul

Shops:
D:4 !


Innate Abilities, Weirdness & Mutations

You cannot wear most types of armour.
You are very stealthy in the water. (Stealth+)
You are amphibious.
You can wear up to eight rings at the same time.
You can use your tentacles to constrict eight enemies at once.
Your skin changes colour to match your surroundings (Stealth+).
Your rubbery body absorbs attacks. (AC +1, EV +1)
Your muscles are strong. (Str +2)
You evolve.


Message History

The orc wizard blinks!
The jelly barely misses you. The jelly barely misses you.
There is a stone staircase leading down here.
The jelly barely misses you. The jelly misses you. The jelly hits you.
The acid corrodes you!
You are splashed with acid!
* * * LOW HITPOINT WARNING * * *
The orc barely misses you.
There is an escape hatch in the ceiling here.
The jelly hits you.
* * * LOW HITPOINT WARNING * * *
You are splashed with acid!
* * * LOW HITPOINT WARNING * * *
The orc wizard closely misses you.
The orc hits you with a cursed -1 flail.
* * * LOW HITPOINT WARNING * * *
The jelly hits you.
* * * LOW HITPOINT WARNING * * *
You are splashed with acid!
You die...

####### #.....# #@o...# #
# .##oJ...####.#
........>.....## ####
#.#...............###... #
#....#####..#...........
#.#...........#...........
.......###...#..........)
#...o.#.....#...........
#..$.J#.#..............(


You could see a jelly, an orc wizard and an orc.

Vanquished Creatures
  Grinder (D:3)
  Menkaure (D:5)
  An orc warrior (D:6)
  A hornet zombie (D:6)
  2 sky beasts (D:6)
  3 ogres (D:6)
  A centaur (D:7)
  A bullfrog (D:5)
  Blork the orc (D:6)
  A water moccasin zombie (D:5)
  2 scorpions (D:6)
  2 bullfrog zombies (D:6)
  3 hounds
  A jelly (D:6)
  2 orc wizards
  Crazy Yiuf (D:6)
  2 orc priests (D:7)
  2 bullfrog skeletons
  Natasha (thrice) (D:2)
  3 worker ants
  A howler monkey skeleton (D:6)
  4 gnolls (D:5)
  10 adders
  A shadow imp (D:5)
  An ooze (D:6)
  2 worms (D:2)
  4 dart slugs
  2 leopard geckos
  8 orcs
  4 giant cockroaches
  6 goblins
  8 hobgoblins
  12 jackals
  7 kobolds
  4 quokkas
  A ball python (D:3)
  A ball python skeleton (D:4)
  7 bats
  3 frilled lizards
  A leopard gecko zombie (D:5)
  4 rats (D:1)
125 creatures vanquished.

Notes
Turn   | Place    | Note
-------+----------+-------------------------------------------
     0 | D:1      | Conn the Octopode Fire Elementalist began the quest for the
                  | Orb.
     0 | D:1      | Reached XP level 1. HP: 11/11 MP: 3/3
   448 | D:1      | Reached XP level 2. HP: 13/17 MP: 5/5
   964 | D:1      | Reached XP level 3. HP: 15/21 MP: 3/6
  1393 | D:2      | Found a blossoming altar of Fedhas.
  1408 | D:2      | Reached skill level 3 in Stealth
  1500 | D:2      | Noticed Natasha
  1509 | D:2      | Killed Natasha
  1509 | D:2      | Reached XP level 4. HP: 13/27 MP: 2/7
  1778 | D:2      | Noticed Natasha
  1792 | D:2      | Killed Natasha
  1792 | D:2      | Reached skill level 1 in Short Blades
  1844 | D:2      | Learned a level 3 spell: Conjure Flame
  1849 | D:2      | Learned a level 4 spell: Sticky Flame
  1892 | D:2      | Reached XP level 5. HP: 32/32 MP: 1/8
  2136 | D:2      | Noticed Natasha
  2148 | D:2      | Killed Natasha
  2321 | D:3      | Noticed Grinder
  2336 | D:3      | Paralysed by Grinder for 5 turns
  2347 | D:3      | Paralysed by Grinder for 6 turns
  2354 | D:3      | Gained mutation: You evolve. [potion of mutation]
  2354 | D:3      | Gained mutation: Your muscles are strong. (Str +2) [potion
                  | of mutation]
  2364 | D:3      | Killed Grinder
  2364 | D:3      | Reached skill level 1 in Fighting
  2364 | D:3      | Reached skill level 4 in Stealth
  2364 | D:3      | Reached XP level 6. HP: 18/38 MP: 0/10
  2594 | D:3      | Found an ancient bone altar of Kikubaaqudgha.
  2620 | D:3      | You fall into a shaft and drop 1 floor!
  2652 | D:4      | Reached XP level 7. HP: 43/43 MP: 8/12
  2690 | D:4      | Got a crude hand axe
  2691 | D:4      | Identified the cursed +0 hand axe of Gluttony {venom, +Inv
                  | rElec rN+ Int-4} (You found it on level 4 of the Dungeon)
  2928 | D:4      | Found Rikhlosi's Distillery.
  2959 | D:4      | Found a shadowy altar of Dithmenos.
  3325 | D:4      | Found a hazy altar of Hepliaklqana.
  3446 | D:3      | Found a shimmering blue altar of Sif Muna.
  3459 | D:3      | Became a worshipper of Sif Muna the Loreminder
  3746 | D:5      | Entered Level 5 of the Dungeon
  3776 | D:5      | Noticed Menkaure
  3780 | D:5      | Killed Menkaure
  3780 | D:5      | Reached skill level 5 in Stealth
  4338 | D:5      | Found a sparkling altar of Nemelex Xobeh.
  4830 | D:6      | Noticed Blork the orc
  4838 | D:6      | Reached skill level 1 in Axes
  4838 | D:6      | Reached skill level 6 in Stealth
  4838 | D:6      | Reached skill level 5 in Fire Magic
  4838 | D:6      | Reached XP level 8. HP: 50/50 MP: 8/14
  4864 | D:6      | Killed Blork the orc
  4944 | D:6      | Reached skill level 7 in Stealth
  5162 | D:6      | Found a basalt altar of Yredelemnul.
  5162 | D:6      | Found a burning altar of Makhleb.
  5270 | D:6      | Reached * piety under Sif Muna
  5270 | D:6      | Reached XP level 9. HP: 30/55 MP: 3/16
  5918 | D:6      | Found a runed translucent door.
  5919 | D:6      | Noticed Crazy Yiuf
  5924 | D:6      | Killed Crazy Yiuf
  5924 | D:6      | Reached skill level 5 in Conjurations
  6144 | D:7      | Reached skill level 5 in Spellcasting
  6177 | D:7      | Splashed by a jelly's acid

Levels and vault maps discovered:
D:1:      dpeg_arrival_circle_labyrinth_c, layout_loops_ring
D:2:      layout_basic, overflow_temple_1_default, first_ration, uniq_natasha
D:3:      layout_rooms, led_sif_pool, kiku_gazebo_pond_becter, uniq_grinder
D:4:      layout_loops_ring, kennysheep_little_box, kennysheep_mini,
          serial_shops, nicolae_shop_crystal, minmay_starry_boxes
D:5:      layout_basic, old_standard_altar, minivault_5, uniq_menkaure
D:6:      layout_loops_corners, gammafunk_temple_overflow_statue,
          uniq_crazy_yiuf_cottage, uniq_blork_the_orc
D:7:      layout_basic, grunt_qazlal_sundering, minmay_temple_entry_waves,
          grunt_livestock

Skill      XL: |  1  2  3  4  5  6  7  8  9 |
---------------+----------------------------+-----
Stealth        | 3 4 6 7 |  7.6
Short Blades   | 1 2 |  2.7
Fighting       | 1 2 |  2.8
Spellcasting   | 3 4 5 |  5.0
Conjurations   | 2 3 4 5 |  5.1
Fire Magic     | 4 5 6 |  6.0
Dodging        | 3 4 |  4.0
Axes           | 1 |  1.0
Throwing       | |  0.1
Invocations    | |  0.1
Evocations     | |  0.7

Action                   |  1- 3 |  4- 6 |  7- 9 || total
-------------------------+-------+-------+-------++-------
Melee: Unarmed           |     3 |       |       ||     3
       Short sword       |    15 |       |    50 ||    65
       Constrict         |    12 |     8 |    16 ||    36
       Tentacles         |     8 |     1 |    10 ||    19
       Dagger            |    16 |    41 |       ||    57
       Hand axe          |       |       |     5 ||     5
Throw: Dart              |       |       |     1 ||     1
 Cast: Flame Tongue      |    30 |    66 |    49 ||   145
       Sticky Flame      |       |       |    15 ||    15
       Conjure Flame     |       |       |     3 ||     3
Invok: Channel Magic     |       |       |     1 ||     1
Evoke: Wand              |       |       |     3 ||     3
  Use: Potion            |     1 |     4 |     4 ||     9
       Scroll            |       |       |     7 ||     7
 Stab: Sleeping          |     4 |     3 |    14 ||    21
       Distracted        |       |     1 |       ||     1
  Eat: Chunk             |     2 |     4 |    10 ||    16
       Ration            |       |       |     1 ||     1
Armor: Skin              |     7 |       |     2 ||     9
Dodge: Dodged            |    42 |    44 |    47 ||   133

Table legend:
 A = Non-vault XP
 B = Vault XP
 C = Vault XP percentage of total XP
 D = Non-vault monster count
 E = Vault monster count
 F = Vault count percentage of total count
                 A         B        C        D         E       F
            +---------+---------+-------+---------+---------+-------
      Total |    2365 |     617 |  20.7 |     120 |       5 |   4.0
            +---------+---------+-------+---------+---------+-------
        D:1 |      48 |       0 |   0.0 |      24 |       0 |   0.0
        D:2 |     138 |      36 |  20.7 |      28 |       1 |   3.4
        D:3 |      80 |     281 |  77.8 |      18 |       1 |   5.3
        D:4 |     135 |       0 |   0.0 |       8 |       0 |   0.0
        D:5 |     288 |     172 |  37.4 |      10 |       1 |   9.1
        D:6 |    1406 |     128 |   8.3 |      26 |       2 |   7.1
        D:7 |     270 |       0 |   0.0 |       6 |       0 |   0.0
            +---------+---------+-------+---------+---------+-------
